Match 28175813
Unlisted

Match 28175813
End
Engineer Squad
Selects Armored Battlegroup
Selects Assault Engineers
Construct Weapon Support Center
M1919 Machine Gun Team
Construct Barracks
Riflemen Squad
Bazooka Squad
Selects Strength in Steel
Improved M9 Bazooka Rockets
Construct Medical Station
Air Support Center
Bazooka Squad
Construct Tank Depot
P-47 Strafing Run
Bazooka Squad
M4(105) Sherman Bulldozer
Assault Engineer Squad
Assault Engineer Squad
M4(105) Sherman Bulldozer
P-47 Dive Bomb
P-47 Dive Bomb
Grenade Package
Selects Field Repairs
Field Repairs
M4A1 Sherman Medium Tank
Riflemen Squad
Field Repairs
M18 Hellcat Tank Destroyer
Selects Seek and Destroy
Assault Engineer Squad
Assault Engineer Squad
Bazooka Squad
Bazooka Squad
P-47 Dive Bomb
seb
dinamix.fr
tEquila8
black_dog_pai
corvet
ehduq0425kdy
Ms
Cheetah
0
0

Comments sign in to comment!

No comments posted yet!